Map: Turbo Cruise '84 LE

Players

général

  • Race: Terran Terran
  • League: Master
  • Spawn Location: 3:00

Mez - Winner!

  • Race: Terran Terran
  • League: Master
  • Spawn Location: 7:00

VOD

Have the link to the VOD?

Description

Time

  • Played on: Aug. 11, 2019, 7:45 p.m.
  • Length: 7:17
Show
View Real Time Build Order
Export as new Build Order

général Terran 

Build Orders:  

Get SALT Encoding   

  12  0:00  SCV  
  13  0:12  SCV  
  14  0:18  Supply Depot  
  14  0:24  SCV  
  15  0:39  SCV  
  15  0:41  Barracks  
  16  0:49  Refinery  
  16  1:01  Barracks  
  16  1:05  SCV  
  17  1:17  SCV  
  18  1:23  Supply Depot  
  18  1:29  SCV  
  18  1:32  Reaper  
  20  1:36  Refinery  
  20  1:41  SCV  
  21  1:49  Reaper  
  22  2:05  Reaper  
  22  2:17  Orbital Command  
  21  2:28  Reaper  
  22  2:38  Reaper  
  23  2:46  Command Center  
  23  2:47  SCV  
  24  3:00  Reaper, SCV  
  26  3:06  Factory  
  26  3:10  Reaper  
  27  3:13  SCV  
  28  3:21  Supply Depot  
  28  3:28  SCV  
  30  3:40  SCV  
  31  3:43  Supply Depot  
  32  3:52  Starport  
  32  3:55  Factory Tech Lab  
  28  4:14  Siege Tank  
  28  4:16  Orbital Command  
  31  4:20  SCV  
  32  4:33  Starport Tech Lab  
  32  4:35  SCV  
  32  4:37  Marine  
  33  4:47  SCV, Orbital Command  
  33  4:50  Cyclone  
  37  4:53  Raven  
  41  5:00  SCV  
  37  5:12  SCV  
  33  5:16  SCV  
  31  5:22  Cyclone  
  31  5:24  SCV  
  17  6:00  SCV x2  
  16  6:12  SCV  
  17  6:24  SCV x2  
  14  6:36  SCV  
  14  6:38  SCV  
  19  6:48  SCV  
  19  6:50  SCV  
  21  7:00  SCV  
  22  7:02  SCV  
Show
View Real Time Build Order
Export as new Build Order

Mez Terran - Winner!

Build Orders: Banshee Rush 

Get SALT Encoding   

  12  0:00  SCV  
  13  0:13  SCV  
  14  0:17  Supply Depot  
  14  0:25  SCV  
  15  0:39  SCV  
  15  0:40  Barracks  
  16  0:46  Refinery  
  16  0:51  SCV  
  16  0:56  Refinery  
  17  1:03  SCV  
  18  1:15  SCV  
  19  1:28  Reaper  
  19  1:29  Orbital Command  
  20  1:42  Supply Depot  
  20  1:46  Factory  
  20  2:01  Reaper  
  21  2:20  SCV  
  22  2:31  Hellion  
  22  2:33  Reaper  
  25  2:42  Supply Depot  
  25  2:44  Starport  
  25  2:54  Hellion  
  27  2:59  SCV  
  28  3:07  Reaper  
  28  3:11  SCV  
  30  3:14  Supply Depot  
  30  3:18  Hellion  
  32  3:21  Starport Tech Lab  
  32  3:23  SCV  
  33  3:35  SCV  
  34  3:41  Barracks Reactor  
  34  3:42  Cloaking Field, Banshee, Factory Tech Lab  
  34  3:47  SCV  
  38  4:06  SCV  
  38  4:07  Cyclone  
  42  4:14  Supply Depot  
  42  4:22  Marine x2  
  44  4:31  Banshee  
  47  4:39  Siege Tank  
  47  4:40  Marine x2  
  52  4:47  Supply Depot  
  52  4:50  SCV  
  53  4:58  Marine x2  
  55  5:16  Siege Tank  
  55  5:17  Marine  
  55  5:18  Marine  
  55  5:19  SCV  
  61  5:31  SCV  
  62  5:35  Marine  
  63  5:43  Command Center  
  63  6:03  Raven, Supply Depot  
  63  6:04  SCV, Marine x2  
  65  6:16  SCV  
  58  6:31  Siege Tank  
  58  6:32  Marine x2  
  56  6:37  SCV  
  56  6:38  Barracks  
  56  6:39  Barracks  
  59  6:44  Supply Depot  
  59  6:49  SCV  
  62  7:01  SCV  
Tags
 
Add a new tag
Caveats
  • Supply blocks, unpowered buildings, or Contaminate may cause inaccurate times.
  • Supply counts are checked every 10 seconds.